 Dungeon Crawl Stone Soup version 0.32-a0-685-g93135e86f0 (webtiles) character file.

Game seed: 13606632255830233085

2205 mopl the Insei (level 9, -3/59 HPs)
             Began as an Octopode Shapeshifter on Mar 12, 2024.
             Was a High Priest of Uskayaw.
             Slain by a centaur (7 damage)
             ... on level 7 of the Dungeon.
             The game lasted 00:07:58 (5880 turns).

mopl the Insei (Octopode Shapeshifter)              Turns: 5880, Time: 00:07:58

Health: -3/59      AC:  1    Str: 16    XL:     9   Next: 34%
Magic:  10/10      EV: 16    Int: 12    God:    Uskayaw [*****.]
Gold:   19         SH:  0    Dex: 22    Spells: 5/8 levels left

rFire   + .          .
                       - Unarmed
rCold   + . .        (no shield)
rNeg    + . .        (helmet currently unavailable)
rPois   .            J - amulet of faith {!P}
rElec   .            f - ring of protection from cold
rCorr   .            k - ring "Hoeceras" {rF+ rN+ Will+ Str+3}
SInv    .            r - +6 ring of dexterity
Will    +....        (no ring)
Stlth   +++          (no ring)
HPRegen 0.29/turn    (no ring)
MPRegen 0.12/turn    (no ring)
                     (no ring)

%: faith
@: beast-form
A: beast (slay +3), almost no armour, amphibious, 8 rings, camouflage 1,
gelatinous body 1, (nimble swimmer 1), tentacles
a: Begin Untransformation, Renounce Religion, Stomp, Line Pass, Grand Finale


You were on level 7 of the Dungeon.
You worshipped Uskayaw.
Uskayaw was noncommittal.
You were a hulking beast.
You visited 2 branches of the dungeon, and saw 8 of its levels.

You collected 427 gold pieces.
You spent 408 gold pieces at shops.

Inventory:

Hand Weapons
 C - the +5 woodcutter's axe
   (You found it on level 5 of the Dungeon)
Missiles
 o - 43 poisoned darts (quivered)
 A - 3 boomerangs
Jewellery
 f - a ring of protection from cold (left tentacle)
 k - the ring "Hoeceras" (right tentacle) {rF+ rN+ Will+ Str+3}
   (You found it on level 2 of the Dungeon)

   [ring of positive energy]

   Str+3:     It affects your strength (+3).
   rF+:       It protects you from fire.
   rN+:       It protects you from negative energy.
   Will+:     It increases your willpower.
 r - a +6 ring of dexterity (on tentacle)
 J - an amulet of faith (around mantle) {!P}
Talismans
 b - a beast talisman (active)
 c - a flux talisman
Wands
 n - a wand of paralysis (3)
 v - a wand of warping (8)
 w - a wand of polymorph (13)
 B - a wand of flame (24)
 G - a wand of quicksilver (12)
Scrolls
 d - 3 scrolls of enchant weapon {unknown}
 e - 2 scrolls of immolation {unknown}
 i - 10 scrolls of identify
 l - a scroll of noise {unknown}
 p - 2 scrolls of revelation {unknown}
 q - a scroll of torment {unknown}
 s - a scroll of teleportation {unknown}
 y - 2 scrolls of blinking {unknown}
 D - 2 scrolls of enchant armour {unknown}
 F - a scroll of silence {unknown}
 I - a scroll of butterflies {unknown}
Potions
 a - a potion of lignification {!q}
 g - 2 potions of enlightenment {unknown}
 h - a potion of experience {unknown}
 j - 3 potions of curing {unknown}
 m - 4 potions of might
 t - 2 potions of brilliance
 u - a potion of magic {unknown}
 x - 2 potions of haste
 z - 2 potions of heal wounds {unknown}
 E - a potion of degeneration {unknown}
 H - a potion of resistance {unknown}


   Skills:
 + Level 4.6 Fighting
 + Level 5.0 Dodging
 * Level 7.5 Unarmed Combat
 + Level 1.9 Translocations
 + Level 1.9 Invocations
 * Level 6.8 Shapeshifting


You had 5 spell levels left.
You knew the following spells:

 Your Spells              Type           Power      Damage    Failure   Level
a - Apportation           Tloc           8%         N/A       16%         1
e - Blink                 Tloc           8%         N/A       22%         2

Your spell library contained the following spells:

 Spells                   Type           Power      Damage    Failure   Level
 Magic Dart               Conj           0%         1d3       32%         1
 Call Imp                 Summ           0%         N/A       45%         2
 Jinxbite                 Hex            0%         N/A       45%         2
 Fugue of the Fallen      Necr           0%         N/A       69%         3
 Ozocubu's Armour         Ice            0%         N/A       69%         3
 Manifold Assault         Tloc           4%         N/A       83%         4
 Alistair's Intoxication  Alch           0%         N/A       100%        5


Dungeon Overview and Level Annotations

Branches:
Dungeon (7/15)             Temple (1/1) D:6

Altars:
Dithmenos
Elyvilon
Fedhas
Gozag
Makhleb
Nemelex Xobeh
Qazlal
Ru
Sif Muna
Trog
Uskayaw
Vehumet
Xom
Yredelemnul
Zin

Shops:
D:5 [!?*

Annotations:
D:3 3 runed translucent doors, Iwannabefree's ghost, amateur CoMo


Innate Abilities, Weirdness & Mutations

You are a hulking beast.
Your limbs bulge with bestial killing power. (Slay +3)
You cannot wear most types of armour.
You are amphibious.
You can wear up to eight rings at the same time.
Your skin changes colour to match your surroundings (Stealth+).
Your rubbery body absorbs attacks. (AC +1, EV +1)
((You are camouflaged when in or above water. (Stealth+)))
You have tentacles for arms and can constrict up to eight enemies at once.


Message History

Your Dodging skill increases to level 5!
Unknown command.
The helpless orc warrior fails to defend itself.
You tentacle-slap the orc warrior.
You squeeze the orc warrior, but do no damage.
The orc warrior is almost dead.
You constrict the orc warrior, but do no damage.
The orc warrior is no longer paralysed.
The hound is no longer paralysed.
The orc warrior hits you with a +0 mace of protection!
* * * LOW HITPOINT WARNING * * *
You tentacle-slap the orc warrior.
You kill the orc warrior!
Something hits you.
* * * LOW HITPOINT WARNING * * *
Unknown command.
You closely miss something. You squeeze something.
Reactivating autopickup.
You feel a bit more experienced.
You miss the hound. You grab the hound. You squeeze the hound.
The hound is severely wounded.
You constrict the hound.
The hound is no longer sharing its pain.
The hound closely misses you.
A centaur comes into view.
The hound stops to sniff the ground.
The hound misses you.
You can now merge with and destroy a victim.
The centaur shouts!
You tentacle-slap the hound.
You kill the hound!
The centaur barely misses you.
The centaur kicks you but does no damage.
Items here: )))))) [[[ ††††.
You tentacle-slap the centaur.
The centaur is lightly wounded.
The centaur hits you.
* * * LOW HITPOINT WARNING * * *
The centaur closely misses you. The centaur hits you!
You die...
Your body falls in perfect tune with the rhythm.

.. .##... #.....# .#...
#.....# .... #.....#
#...###.....# #...
.....(.# #... #.....#
####..c###.....# ##
......)h....#..## #.
####...#).......#######.
#...##.##..#.........
#... #.##..##........
#### #.###.........#.
..# #.........##
#.....##........
#..........#####
.##........


You could see a centaur.

Vanquished Creatures
  A steam dragon (D:6)
  2 orc warriors (D:7)
  2 black bears
  4 ogres
  A phantom (D:5)
  Blork the orc (D:4)
  2 kobold brigands
  A gnoll sergeant (D:5)
  7 scorpions
  2 jellies
  An orc priest (D:6)
  5 hounds
  3 iguanas
  An orc wizard (D:7)
  8 gnolls
  6 adders
  A white imp (D:5)
  2 ufetubi (D:5)
  A dart slug (D:4)
  15 orcs
  5 endoplasms
  3 giant cockroaches
  5 goblins
  11 hobgoblins
  3 jackals (D:1)
  19 kobolds
  6 quokkas
  7 ball pythons
  A bat (D:1)
  4 frilled lizards
  7 rats
137 creatures vanquished.

Vanquished Creatures (others)
  A ribbon worm (D:4)
  3 goblins (D:4)
4 creatures vanquished.

Grand Total: 141 creatures vanquished

Notes
Turn   | Place    | Note
-------+----------+-------------------------------------------
     0 | D:1      | mopl the Octopode Shapeshifter began the quest for the Orb.
     0 | D:1      | Reached XP level 1. HP: 13/13 MP: 1/1
   263 | D:1      | Reached XP level 2. HP: 16/18 MP: 2/2
   634 | D:1      | Found a faded altar of an unknown god.
   888 | D:2      | Identified the ring "Hoeceras" {rF+ rN+ Will+ Str+3}
   928 | D:2      | Reached XP level 3. HP: 20/23 MP: 3/3
  1775 | D:3      | Reached XP level 4. HP: 28/28 MP: 4/4
  2028 | D:3      | Found a stormy altar of Qazlal.
  2242 | D:3      | Found a runed translucent gate.
  2242 | D:3      | Found a runed translucent gate.
  2242 | D:3      | Found a runed translucent gate.
  2243 | D:3      | Found an opulent altar of Gozag.
  2244 | D:3      | Noticed Iwannabefree's ghost (amateur CoMo)
  2372 | D:4      | Found a shimmering altar of Xom.
  2372 | D:4      | Noticed an ogre
  2391 | D:4      | Reached skill level 2 in Fighting
  2391 | D:4      | Reached skill level 4 in Unarmed Combat
  2450 | D:4      | Killed an ogre
  2451 | D:4      | Reached skill level 4 in Shapeshifting
  2451 | D:4      | Reached XP level 5. HP: 15/34 MP: 5/5
  2628 | D:4      | Reached skill level 3 in Dodging
  2628 | D:4      | Reached XP level 6. HP: 25/41 MP: 6/6
  3085 | D:4      | Found a burning altar of Makhleb.
  3117 | D:4      | Noticed Blork the orc
  3127 | D:4      | Killed Blork the orc
  3128 | D:4      | Reached skill level 5 in Unarmed Combat
  3128 | D:4      | Reached XP level 7. HP: 15/45 MP: 7/7
  3288 | D:4      | Reached skill level 3 in Fighting
  3598 | D:5      | Entered Level 5 of the Dungeon
  3673 | D:5      | Found Xeigibo's Distillery.
  3682 | D:5      | Bought a potion of haste for 150 gold pieces
  3682 | D:5      | Bought a potion of might for 60 gold pieces
  3682 | D:5      | Bought a potion of brilliance for 60 gold pieces
  3704 | D:5      | Found Donizos's Magic Scroll Shoppe.
  3733 | D:5      | Found a radiant altar of Vehumet.
  3737 | D:5      | Found Fariebil's Assorted Antiques.
  3776 | D:5      | Reached skill level 5 in Shapeshifting
  3852 | D:5      | Found Exisu's Antique Armour Emporium.
  4129 | D:4      | Reached XP level 8. HP: 27/52 MP: 8/8
  4231 | D:5      | Reached skill level 4 in Dodging
  4231 | D:5      | Reached skill level 6 in Unarmed Combat
  4407 | D:5      | Found the +5 woodcutter's axe
  4421 | D:5      | Reached skill level 6 in Shapeshifting
  4458 | D:5      | Reached skill level 4 in Fighting
  4984 | D:5      | Bought 2 scrolls labelled SUCRARUDDU for 46 gold pieces
  4984 | D:5      | Bought a purple potion for 20 gold pieces
  4987 | D:5      | Learned a level 2 spell: Blink
  4989 | D:5      | Learned a level 1 spell: Apportation
  5061 | D:6      | Found a staircase to the Ecumenical Temple.
  5080 | Temple   | Entered the Ecumenical Temple
  5103 | Temple   | Became a worshipper of Uskayaw the Reveller
  5115 | D:6      | Reached * piety under Uskayaw
  5118 | D:6      | Reached ** piety under Uskayaw
  5207 | D:6      | Reached skill level 7 in Unarmed Combat
  5207 | D:6      | Reached skill level 1 in Translocations
  5207 | D:6      | Reached skill level 1 in Invocations
  5207 | D:6      | Reached XP level 9. HP: 44/59 MP: 9/9
  5415 | D:6      | Reached *** piety under Uskayaw
  5476 | D:5      | Bought a scroll labelled RILUECWIYNA for 23 gold pieces
  5476 | D:5      | Bought a scroll labelled SUCRARUDDU for 23 gold pieces
  5483 | D:5      | Bought a scroll of identify for 26 gold pieces
  5691 | D:7      | Reached **** piety under Uskayaw
  5874 | D:7      | Reached skill level 5 in Dodging
  5877 | D:7      | Reached ***** piety under Uskayaw
  5880 | D:7      | Slain by a centaur

Illustrated notes

Levels and vault maps discovered:
D:1:      dpeg_arrival_long_road, layout_basic,
          shapermc_ecumenical_altar_hornbeckon
D:2:      layout_basic, chequers_serial_rivers_micro_a
D:3:      layout_rooms, nicolae_qazlal_general_emergency, ebering_ghost_gozag,
          dk_noncrumbling_4
D:4:      layout_gridville, lightli_temple_of_fire, xom_confusion_cloud,
          uniq_blork_the_orc
D:5:      layout_cave_pods, fiery_altar_vehumet, serial_shops, shop,
          kennysheep_little_box, shop, shop, nicolae_shop_pleasant_corner_grove
D:6:      layout_cave_pools, minmay_temple_entry_arrows
D:7:      layout_rooms, mainiacjoe_overflow_alcove_2, evilmike_ruin_ashenzari,
          slow_altar_1, roderic_lattice_a, uniq_maggie
Temple:   minmay_freezing_vapour_temple

Skill      XL: |  1  2  3  4  5  6  7  8  9 |
---------------+----------------------------+-----
Fighting       | 2 3 4 |  4.6
Unarmed Combat | 4 5 7 |  7.5
Shapeshifting  | 4 5 6 |  6.8
Dodging        | 3 4 5 |  5.0
Translocations | 1 |  1.9
Invocations    | 1 |  1.9

Action                     |  1- 3 |  4- 6 |  7- 9 || total
---------------------------+-------+-------+-------++-------
  Melee: Unarmed           |    87 |    62 |   128 ||   277
         Constrict         |    19 |    17 |    41 ||    77
         Tentacles         |    22 |    14 |    32 ||    68
         Punch             |     1 |     3 |     8 ||    12
  Throw: Dart              |       |     1 |     1 ||     2
  Evoke: Wand              |       |     2 |     5 ||     7
   Stab: Sleeping          |     9 |     2 |     2 ||    13
         Paralysed         |       |     9 |    10 ||    19
         Distracted        |       |       |     2 ||     2
 Armour: Skin              |    21 |    22 |    69 ||   112
  Dodge: Dodged            |    25 |    28 |   111 ||   164

Table legend: (Time is in decaauts)
 A = Elapsed time spent in this place.
 B = Non-inter-level travel time spent in this place.
 C = Inter-level travel time spent in this place.
 D = Time resting spent in this place.
 E = Time spent auto-exploring this place.
 F = Levels seen in this place.
 G = Mean time per level.
                   A        B        C        D        E       F      G
               +--------+--------+--------+--------+--------+-----+--------+
         Total |   5857 |   5647 |    210 |   1370 |   3284 |   8 |  732.1 |
       Dungeon |   5828 |   5618 |    210 |   1352 |   3284 |   7 |  832.6 |
        Temple |     28 |     28 |      0 |     18 |      0 |   1 |   28.0 |
               +--------+--------+--------+--------+--------+-----+--------+

Top non-repeatable levels by time:
     D:4: 1593 daAuts
     D:5: 1189 daAuts
     D:2: 906 daAuts
     D:1: 696 daAuts
     D:3: 666 daAuts
     D:6: 577 daAuts
     D:7: 197 daAuts
  Temple: 28 daAuts
